 Dungeon Crawl Stone Soup version 0.28.0 (webtiles) character file.

Game seed: 7163161713859213438

543 croobank the Magician (level 7, 0/46 HPs)
             Began as a Demonspawn Fire Elementalist on Feb 18, 2022.
             Slain by Pikel (1 damage)
             ... on level 5 of the Dungeon.
             The game lasted 00:17:05 (4792 turns).

croobank the Magician (DsFE)                        Turns: 4792, Time: 00:17:05

Health: 0/46       AC:  7    Str: 14    XL:     7   Next: 6%
Magic:  14/14      EV: 11    Int: 25    God:
Gold:   184        SH:  0    Dex: 13    Spells: 7/15 levels left

rFire   + + .      SeeInvis .   o - staff of fire
rCold   . . .      Faith    .   (no shield)
rNeg    + . .      Spirit   .   y - +0 ring mail of the Kangaroo {rF+ rN+}
rPois   .          Reflect  .   (no helmet)
rElec   .          Harm     .   (no cloak)
rCorr   .          Rampage  .   (no gloves)
Will    .....                   (no boots)
Stlth   +.........              (no amulet)
HPRegen 0.15/turn               c - +6 ring of intelligence
MPRegen 0.14/turn               A - +6 ring of strength

@: mighty, invisible
A: thin metallic scales 1, powered by pain 1, demonic touch 1
a: no special abilities


You were on level 5 of the Dungeon.
You visited 1 branch of the dungeon, and saw 5 of its levels.

You collected 184 gold pieces.

Inventory:

Hand Weapons
 a - a +1 short sword of draining
 i - a +0 dagger of electrocution
 l - a +3 long sword of protection
 z - a +0 war axe
Missiles
 b - 131 arrows
 m - 87 sling bullets
 p - 86 stones
 r - 50 bolts
 s - 5 boomerangs (quivered)
 w - 23 poisoned darts
Armour
 e - a +0 ring mail
 h - a +0 robe
 n - a +1 leather armour
 y - the +0 ring mail of the Kangaroo (worn) {rF+ rN+}
   (You found it on level 5 of the Dungeon)

   rF:        It protects you from fire.
   rN:        It protects you from negative energy.
Magical Staves
 o - a staff of fire (weapon)
Jewellery
 c - a +6 ring of intelligence (left hand)
 t - a +4 ring of evasion
 A - a +6 ring of strength (right hand)
 B - a ring of fire
Wands
 g - a wand of charming (8)
Scrolls
 E - a scroll of summoning {unknown}
 F - a scroll of silence {unknown}
Potions
 j - a potion of might
 k - 3 potions of curing
 q - a potion of lignification {unknown}
 u - 2 potions of brilliance {unknown}
 x - a potion of ambrosia {unknown}


   Skills:
 - Level 0.2 Short Blades
 - Level 2.1 Dodging
 - Level 2.1 Stealth
 + Level 4.8 Spellcasting
 + Level 4.8 Conjurations
 - Level 3.2 Fire Magic


You had 7 spell levels left.
You knew the following spells:

 Your Spells              Type           Power      Damage    Failure   Level
a - Foxfire               Conj/Fire      100%       2x1d9     3%          1
b - Scorch                Fire           66%        2d8       7%          2
c - Flame Wave            Conj/Fire      39%        2d9       32%         4
d - Slow                  Hex            24%        N/A       17%         1

Your spell library contained the following spells:

 Spells                   Type           Power      Damage    Failure   Level
 Conjure Flame            Conj/Fire      39%        6-21      10%         3
 Inner Flame              Hex/Fire       21%        N/A       26%         3
 Confusing Touch          Hex            6%         N/A       45%         3
 Tukima's Dance           Hex            6%         N/A       45%         3
 Vampiric Draining        Necr           6%         2d6       45%         3
 Passage of Golubria      Tloc           6%         N/A       86%         4
 Yara's Violent Unravell  Hex/Tmut       3%         3d4       99%         5


Dungeon Overview and Level Annotations

Branches:
Dungeon (5/15)
 Temple: D:4-7

Altars:
Cheibriados
Qazlal
Wu Jian
The Shining One

Annotations:
D:3 Grinder
D:5 Pikel


Innate Abilities, Weirdness & Mutations

You are partially covered in thin metallic scales. (AC +2)
You sometimes gain a little power by taking damage.
Your touch may inflict minor irresistible damage on your foes.


Message History

It was a potion of might.
You feel very mighty all of a sudden. Pikel hits you but does no damage.
You closely miss Pikel.
Pikel is lightly wounded.
The centaur shoots an arrow.
The arrow hits Pikel.
Pikel hits you with a +2 whip of flaming.
* * * LOW HITPOINT WARNING * * *
Pikel burns you.
* * * LOW HITPOINT WARNING * * *
The centaur shoots an arrow.
The arrow closely misses Pikel.
The arrow closely misses you.
You hit Pikel!
Pikel is moderately wounded.
Pikel closely misses you. Pikel barely misses you.
You strike the helpless Pikel from behind!
You hit Pikel! Your touch misses Pikel.
Pikel is heavily wounded.
The centaur shoots an arrow.
The arrow hits the lemure!
Pikel closely misses you.
The centaur shoots an arrow.
The arrow hits the lemure!
You hit Pikel. Your punch misses Pikel.
Pikel is severely wounded.
The centaur shoots an arrow.
The arrow hits the lemure!
The lemure dies!
Pikel closely misses you.
You catch the helpless Pikel completely off-guard!
You hit Pikel.
Pikel is severely wounded.
The centaur shoots an arrow.
The arrow barely misses Pikel.
The centaur shoots an arrow.
The arrow barely misses Pikel.
The arrow closely misses you.
Pikel hits you with a +2 whip of flaming!
* * * LOW HITPOINT WARNING * * *
The centaur shoots an arrow.
The arrow closely misses Pikel.
The arrow closely misses you.
You barely miss Pikel.
Pikel is severely wounded.
Pikel hits you with a +2 whip of flaming.
You die...

..# #...#######.##..... ..#
#.........#.##..... ..#
###..####.#.##.....
..#************ ##.#
#.#.##..... ..#,,,,,,,,,,,* #.#
#.#.##..... ###,,,,,,,,,,,* #.#
#......###. #
*,,,,,,...,,####.######.##.###.
#
*,,,,,,...,,+..#...............
#
*,,,,,,c...,##@#..#..##.##.....
#
*,<,,,,.....*#K#..#..##.#######
*,,,,,,.....##.#..#..##.#*
*******......c.#..#......*
*.....#..#.........*
*....,#............#
*..(,,#..#.#.#.....#
*##***#........,,,,*
#..####.#,,,,*


You could see Pikel and a centaur.

Vanquished Creatures
  A lemure (D:5)
  A kobold brigand (D:5)
  A bullfrog (D:4)
  3 scorpions (D:5)
  2 bullfrog skeletons
  An iron imp (D:4)
  A hound skeleton (D:4)
  3 gnolls (D:5)
  4 adders
  2 adder skeletons (D:4)
  A worm (D:2)
  3 dart slugs
  4 bats
  5 endoplasms
  A giant cockroach (D:1)
  6 goblins
  7 hobgoblins
  3 jackals (D:5)
  4 quokkas
  8 ball pythons
  3 frilled lizards
  8 kobolds
  5 rats
77 creatures vanquished.

Vanquished Creatures (others)
  A lemure (D:5)
  108 foxfires
109 creatures vanquished.

Grand Total: 186 creatures vanquished

Notes
Turn   | Place    | Note
-------+----------+-------------------------------------------
     0 | D:1      | croobank the Demonspawn Fire Elementalist began the quest
                  | for the Orb.
     0 | D:1      | Reached XP level 1. HP: 13/13 MP: 3/3
   338 | D:1      | Gained mutation: You sometimes gain a little power by
                  | taking damage. [demonic ancestry]
   338 | D:1      | Reached XP level 2. HP: 19/19 MP: 3/5
   341 | D:1      | Learned a level 2 spell: Scorch
   736 | D:2      | Reached XP level 3. HP: 19/24 MP: 1/6
   971 | D:2      | Found a faded altar of an unknown god.
  1932 | D:3      | Gained mutation: You are partially covered in thin metallic
                  | scales. (AC +2) [demonic ancestry]
  1932 | D:3      | Reached XP level 4. HP: 21/30 MP: 4/7
  1938 | D:3      | Learned a level 4 spell: Flame Wave
  2032 | D:3      | Noticed Grinder
  2038 | D:3      | Paralysed by Grinder for 4 turns
  3031 | D:4      | Noticed a bullfrog
  3034 | D:4      | Killed a bullfrog
  3035 | D:4      | Gained mutation: Your touch may inflict minor irresistible
                  | damage on your foes. [demonic ancestry]
  3035 | D:4      | Reached XP level 5. HP: 35/35 MP: 2/10
  3354 | D:4      | Found a stormy altar of Qazlal.
  3450 | D:4      | Found a snail-covered altar of Cheibriados.
  3853 | D:5      | Entered Level 5 of the Dungeon
  3876 | D:5      | Identified the +0 ring mail of the Kangaroo {rF+ rN+}
  3889 | D:5      | Learned a level 1 spell: Slow
  3922 | D:5      | Reached XP level 6. HP: 36/41 MP: 4/12
  3989 | D:5      | Found an ornate altar of the Wu Jian Council.
  4401 | D:5      | Reached XP level 7. HP: 35/46 MP: 12/14
  4628 | D:5      | Noticed Pikel
  4791 | D:5      | HP: 1/46 [Pikel (7)]
  4792 | D:5      | Slain by Pikel

Illustrated notes

Levels and vault maps discovered:
D:1:      lemuel_arrival_behind_the_door_large, layout_rooms
D:2:      layout_basic, dreamdust_ecumenical_altar_statues
D:3:      layout_rooms, mainiacjoe_overflow_24_doors, uniq_grinder
D:4:      layout_loops_corners, grunt_qazlal_sundering, lemuel_crystal_altar,
          slow_altar_2
D:5:      layout_basic, gammafunk_temple_of_torment,
          pdpol_wu_jian_five_deadly_venoms, nicolae_overflow_hidden_temple,
          uniq_pikel

Skill      XL: |  1  2  3  4  5  6 |
---------------+-------------------+-----
Stealth        | 2 |  2.1
Dodging        | 2 |  2.1
Fire Magic     | 3 |  3.2
Conjurations   | 2 3 4 |  4.8
Spellcasting   | 3 4 |  4.8
Short Blades   | |  0.2

Action                   |  1- 3 |  4- 6 |  7- 9 || total
-------------------------+-------+-------+-------++-------
Melee: Short sword       |    21 |    59 |    10 ||    90
       Touch             |       |    10 |     2 ||    12
       Staff             |       |       |    13 ||    13
 Cast: Foxfire           |    43 |    19 |     3 ||    65
       Scorch            |    10 |    27 |    10 ||    47
  Use: Scroll            |       |     3 |     5 ||     8
       Potion            |       |       |     2 ||     2
 Stab: Sleeping          |       |     3 |       ||     3
       Invisible         |       |       |     2 ||     2
Armor: Robe              |     4 |     3 |       ||     7
       Ring mail         |       |    14 |     8 ||    22
Dodge: Dodged            |    14 |    55 |    21 ||    90
